 Dungeon Crawl Stone Soup version 0.18.1-8-gdd0e5ea (webtiles) character file.

158 lightmor the Insei (level 5, 0/49 HPs)
             Began as a Naga Monk on May 22, 2016.
             Slain by a black bear (3 damage)
             ... on level 3 of the Dungeon.
             The game lasted 00:05:57 (2150 turns).

lightmor the Insei (Naga Monk)                      Turns: 2150, Time: 00:05:59

Health: 0/49       AC:  4    Str: 13    XL:     5   Next: 39%
Magic:  5/5        EV: 10    Int: 11    God:
Gold:   71         SH:  0    Dex: 14    Spells: 0 memorised, 4 levels left

rFire  . . .     SeeInvis +       - Unarmed
rCold  + . .     Gourm    .     e - +0 leather armour
rNeg   . . .     Faith    .     (no shield)
rPois  +         Spirit   .     (no helmet)
rElec  .         Dismiss  .     i - +0 cloak
rCorr  .         Reflect  .     (no gloves)
SustAt .         Harm     .     (no barding)
MR     .....                    (no amulet)
Stlth  ++........               (no ring)
                                j - ring of protection from cold

@: short of breath, very slow, not resistant to hostile enchantments, unstealthy
A: see invisible, deformed body, poison resistance, slowness 2, slow metabolism
1, spit poison 2, AC +1
a: Spit Poison


You were on level 3 of the Dungeon.
You were not hungry.

You visited 1 branch of the dungeon, and saw 3 of its levels.

You collected 71 gold pieces.

Inventory:

Missiles
 d - 52 stones (quivered)
Armour
 e - a +0 leather armour (worn)
 i - a +0 cloak (worn)
Jewellery
 j - a ring of protection from cold (left hand)
Scrolls
 a - a scroll of amnesia {unknown}
 k - 3 scrolls of immolation
 l - a scroll of enchant armour {unknown}
 m - a scroll of fog {unknown}
 p - a scroll of remove curse {unknown}
Potions
 f - a potion of flight
 g - a potion of curing
 o - a potion of haste {unknown}
Comestibles
 b - 3 bread rations
 c - 2 meat rations
 h - a beef jerky
 n - 4 chunks of flesh


   Skills:
 - Level 3.0 Fighting
 - Level 2.4 Dodging
 - Level 3.0 Stealth
 * Level 6.5 Unarmed Combat


You had 4 spell levels left.
You didn't know any spells.

Dungeon Overview and Level Annotations

Branches:
Dungeon (3/15)

Altars:
Elyvilon
Makhleb
Zin
The Shining One


Innate Abilities, Weirdness & Mutations

You cannot wear boots.
Your serpentine skin is tough (AC +1).
You have supernaturally acute eyesight.
Armour fits poorly on your strangely shaped body.
Your system is resistant to poisons.
You cover ground very slowly.
You have a slow metabolism.
You can spit poison.


Message History

The black bear is almost dead.
The black bear bites you but does no damage.
The black bear claws you. The black bear barely misses you.
The black bear bites you! The black bear barely misses you.
The black bear claws you.
You hit the black bear but do no damage.
The black bear is almost dead.
The black bear bites you.
* * * LOW HITPOINT WARNING * * *
The black bear claws you but does no damage.
The black bear barely misses you.
Press: ? - help, Shift-Dir - straight line, f/p - black bear
Aim: a black bear (almost dead, berserk, fast, unusually strong)
The splash of poison hits the black bear.
The black bear is poisoned.
The black bear is almost dead.
You feel slightly more hungry. The black bear bites you!
* * * LOW HITPOINT WARNING * * *
The black bear claws you.
You die...

#.# ##........####
#..........# #..........#
#..........# #..........#
#..........# #
##........####
###..#########...........
.......h@.......#..######
⌠......##########.##
....... #.># ⌠...... #.##
..##### .. # ###


You could see a black bear (berserk).

Vanquished Creatures
  Crazy Yiuf (D:2)
  Natasha (D:2)
  Ijyb (D:2)
  An ooze (D:3)
  2 adder skeletons (D:2)
  2 adder zombies (D:2)
  3 dart slugs
  3 giant geckos
  A bat zombie (D:2)
  2 giant cockroaches
  7 goblins
  9 hobgoblins
  A quokka (D:3)
  2 ball pythons
  A ball python skeleton (D:2)
  7 bats
  A giant gecko skeleton (D:2)
  2 giant newts
  4 kobolds
  A quokka zombie (D:2)
  6 rats (D:1)
58 creatures vanquished.

Notes
Turn   | Place    | Note
--------------------------------------------------------------
     0 | D:1      | lightmor the Naga Monk began the quest for the Orb.
     0 | D:1      | Reached XP level 1. HP: 21/21 MP: 1/1
     0 | D:1      | Noticed a shadow dragon
     0 | D:1      | Noticed a large abomination
     1 | D:1      | Noticed a tentacled monstrosity
     3 | D:1      | Noticed a tentacled monstrosity
     5 | D:1      | Noticed a green draconian
     6 | D:1      | Noticed an orb of fire
     7 | D:1      | Noticed an orb of fire
     9 | D:1      | Noticed an iron dragon
    11 | D:1      | Noticed a yellow draconian
    13 | D:1      | Noticed a yellow draconian
    15 | D:1      | Noticed a yellow draconian
    15 | D:1      | Noticed a large abomination
    15 | D:1      | Noticed an ice dragon
    17 | D:1      | Noticed a tentacled monstrosity
    17 | D:1      | Noticed an ice dragon
    19 | D:1      | Noticed a shadow dragon
   114 | D:1      | Reached XP level 2. HP: 25/28 MP: 2/2
   609 | D:1      | Reached XP level 3. HP: 33/34 MP: 3/3
   698 | D:1      | Reached skill level 5 in Unarmed Combat
   759 | D:1      | You fall through a shaft!
   759 | D:2      | Found a white marble altar of Elyvilon.
   793 | D:2      | Noticed Ijyb
   848 | D:2      | Noticed Natasha
  1103 | D:2      | Killed Ijyb
  1103 | D:2      | Reached XP level 4. HP: 42/42 MP: 4/4
  1277 | D:2      | Found a glowing golden altar of the Shining One.
  1309 | D:2      | Noticed Crazy Yiuf
  1319 | D:2      | Killed Crazy Yiuf
  1319 | D:2      | Reached skill level 6 in Unarmed Combat
  1629 | D:2      | Killed Natasha
  1629 | D:2      | Reached XP level 5. HP: 19/49 MP: 5/5
  2071 | D:3      | Found a burning altar of Makhleb.
  2072 | D:3      | Noticed a cacodemon
  2074 | D:3      | Found a glowing silver altar of Zin.
  2075 | D:3      | Noticed an angel
  2140 | D:3      | Noticed a black bear
  2150 | D:3      | Slain by a black bear

Skill      XL: |  1  2  3  4 |
---------------+-------------+-----
Unarmed Combat | 5 6 |  6.5
Fighting       | |  3.0
Dodging        | |  2.4
Stealth        | |  3.0

Action                   |  1- 3 |  4- 6 || total
-------------------------+-------+-------++-------
Melee: Unarmed           |    95 |    84 ||   179
       Punch             |       |     4 ||     4
Throw: Stone             |       |     6 ||     6
 Abil: Spit Poison       |     4 |     3 ||     7
  Use: Scroll            |     5 |       ||     5
 Stab: Sleeping          |     3 |     5 ||     8
  Eat: Chunk             |       |     3 ||     3
Armor: Robe              |     2 |       ||     2
       Leather armour    |    19 |    18 ||    37
Dodge: Dodged            |    45 |    46 ||    91
